 Dungeon Crawl Stone Soup version 0.18.1-8-gdd0e5ea (webtiles) character file.

277 Scarto the Skirmisher (level 6, 0/48 HPs)
             Began as a Demonspawn Fighter on June 9, 2016.
             Slain by a river rat (4 damage)
             ... on level 3 of the Dungeon.
             The game lasted 00:04:19 (1880 turns).

Scarto the Skirmisher (Demonspawn Fighter)          Turns: 1880, Time: 00:04:21

Health: 0/48       AC:  7    Str: 18    XL:     6   Next: 4%
Magic:  6/6        EV:  7    Int:  9    God:
Gold:   90         SH: 10    Dex: 17    Spells: 0 memorised, 5 levels left

rFire  . . .     SeeInvis .     a - +0 war axe
rCold  . . .     Gourm    .     b - +0 scale mail
rNeg   . . .     Faith    .     c - +0 shield
rPois  .         Spirit   .     (no helmet)
rElec  .         Dismiss  .     (no cloak)
rCorr  .         Reflect  .     (no gloves)
SustAt .         Harm     .     (no boots)
MR     .....                    (no amulet)
Stlth  +.........               (no ring)
                                (no ring)

@: not resistant to hostile enchantments, very unstealthy
A: talons 1, thin skeletal structure 2
a: no special abilities


You were on level 3 of the Dungeon.
You were not hungry.

You visited 1 branch of the dungeon, and saw 3 of its levels.

You collected 90 gold pieces.

Inventory:

Hand Weapons
 a - a +0 war axe (weapon)
Missiles
 d - 12 tomahawks (quivered)
Armour
 b - a +0 scale mail (worn)
 c - a +0 shield (worn)
 s - a +2 buckler
Wands
 o - a wand of teleportation (3/9)
Scrolls
 g - a scroll of amnesia {unknown}
 h - 2 scrolls of remove curse {unknown}
 i - 3 scrolls of identify {unknown}
 k - a scroll of immolation {unknown}
 l - 2 scrolls of fog {unknown}
 m - a scroll of random uselessness {unknown}
 n - 2 scrolls of magic mapping {unknown}
 p - a scroll of enchant armour {unknown}
 q - a scroll of recharging {unknown}
Potions
 e - 3 potions of curing {unknown}
 t - a potion of berserk rage {unknown}
Comestibles
 f - 3 bread rations
 j - a meat ration


   Skills:
 + Level 4.1 Fighting
 + Level 3.2 Axes
 + Level 4.0 Armour
 + Level 3.8 Shields


You had 5 spell levels left.
You didn't know any spells.

Dungeon Overview and Level Annotations

Branches:
Dungeon (3/15)

Altars:

Portals:
Sewer: D:3


Innate Abilities, Weirdness & Mutations

You have sharp toenails.
You have a moderately thin skeletal structure (Dex +4, Stealth+).


Message History

You hit the river rat but do no damage. Your kick misses the river rat.
Your shield and scale mail prevent you from hitting the river rat.
You hit the rat.
You kill the rat!
The river rat bites you. x3
You closely miss the river rat. Your kick misses the river rat.
You closely miss the river rat. The river rat bites you. x2
* * * LOW HITPOINT WARNING * * *
You closely miss the river rat. You hit the river rat but do no damage.
The river rat closely misses you. The river rat bites you.
* * * LOW HITPOINT WARNING * * *
You block the river rat's attack. x2
You hit the river rat but do no damage. Your kick misses the river rat.
You barely miss the river rat. The river rat bites you.
* * * LOW HITPOINT WARNING * * *
The river rat bites you but does no damage.
You hit the river rat but do no damage. Your kick misses the river rat.
Your shield and scale mail prevent you from hitting the river rat.
You block the river rat's attack. The river rat bites you.
You die...

..#########.##
### ##..#
#.)†##
#.#..######
#.........#
#......≈≈.#
##...≈≈.≈≈#
#..≈≈≈≈≈≈#
#..≈≈r@###
#.≈≈≈#≈r≈#
#...≈#≈∩≈#
#.≈≈≈#≈≈≈#
##########


You could see 2 river rats.

Vanquished Creatures
  2 orc priests (D:3)
  An orc wizard (D:3)
  Natasha (thrice) (D:2)
  An adder (D:3)
  A worm (D:3)
  2 dart slugs (D:2)
  A giant gecko (D:3)
  14 orcs (D:3)
  7 bats
  4 giant cockroaches
  7 goblins
  13 hobgoblins
  2 jackals (D:1)
  6 ball pythons
  6 giant newts
  3 kobolds
  13 rats
86 creatures vanquished.

Notes
Turn   | Place    | Note
--------------------------------------------------------------
     0 | D:1      | Scarto the Demonspawn Fighter began the quest for the Orb.
     0 | D:1      | Reached XP level 1. HP: 18/18 MP: 1/1
   171 | D:1      | Gained mutation: You have a somewhat thin skeletal structure (Dex +2, Stealth). [demonic ancestry]
   171 | D:1      | Reached XP level 2. HP: 20/24 MP: 2/2
   675 | D:2      | Reached XP level 3. HP: 28/29 MP: 3/3
   878 | D:2      | Noticed Natasha
   885 | D:2      | Killed Natasha
   885 | D:2      | Gained mutation: You have sharp toenails. [demonic ancestry]
   885 | D:2      | Reached XP level 4. HP: 35/35 MP: 4/4
   905 | D:2      | Noticed Natasha
   911 | D:2      | Killed Natasha
   950 | D:2      | Noticed Natasha
   959 | D:2      | Killed Natasha
  1335 | D:3      | Gained mutation: You have a moderately thin skeletal structure (Dex +4, Stealth+). [demonic ancestry]
  1335 | D:3      | Reached XP level 5. HP: 40/42 MP: 5/5
  1705 | D:3      | Found a faded altar to an unknown god.
  1816 | D:3      | Reached XP level 6. HP: 45/48 MP: 6/6
  1869 | D:3      | Found a glowing drain.
  1880 | D:3      | Slain by a river rat

Skill      XL: |  1  2  3  4  5 |
---------------+----------------+-----
Armour         | 3 4 |  4.0
Axes           | 2 3 |  3.2
Shields        | 3 |  3.8
Fighting       | 4 |  4.1

Action                   |  1- 3 |  4- 6 || total
-------------------------+-------+-------++-------
Melee: War axe           |   117 |   112 ||   229
       Kick              |       |    31 ||    31
  Use: Potion            |       |     1 ||     1
  Eat: Bread ration      |       |     1 ||     1
Armor: Scale mail        |    48 |    59 ||   107
Dodge: Dodged            |    33 |    41 ||    74
Block: Shield            |    63 |    58 ||   121
